TOP OF THE 1ST |
Memphis Blues batting - Pitching for West Palm Reds : RHP Manabu Mizuno
|
Pitching: RHP Manabu Mizuno
|
|
Batting: RHB Sadao Kato
|
0-0: SOLO HOME RUN (Flyball, 7LD), Distance : 356 ft
|
Batting: RHB Dave Wookey
|
0-0: Foul Ball, location: 2F 0-1: Foul Ball, location: 2F 0-2: Fly out, F8 (Flyball, 8RM)
|
Batting: RHB Peyton Pennington
|
0-0: Ball 1-0: Called Strike 1-1: Called Strike 1-2: Ground out 1-3 (Groundball, 23)
|
Batting: LHB Félix García
|
0-0: Called Strike 0-1: Swinging Strike 0-2: Ball 1-2: Ball 2-2: SINGLE (Line Drive, 4D)
|
Batting: RHB John Phillips
|
0-0: Foul Ball, location: 2F 0-1: Foul Ball, location: 2F 0-2: Fly out, F7 (Flyball, 7D)
|
Top of the 1st over - 1 run(s), 2 hit(s), 0 error(s), 1 left on base; Memphis 1 - West Palm 0 |
BOTTOM OF THE 1ST |
West Palm Reds batting - Pitching for Memphis Blues : RHP Mark MacGruder
|
Pitching: RHP Mark MacGruder
|
|
Batting: RHB Lorenzo Guzmán
|
0-0: Ball 1-0: Ground out 6-3 (Groundball, 6)
|
Batting: LHB Jeff Doss
|
0-0: Called Strike 0-1: Ball 1-1: Ball 2-1: Ball 3-1: Ground out 4-3 (Groundball, 4)
|
Batting: LHB Enrique Cortéz
|
0-0: Called Strike 0-1: Fly out, F5 (Popup, 5SF)
|
Bottom of the 1st over - 0 run(s), 0 hit(s), 0 error(s), 0 left on base; Memphis 1 - West Palm 0 |
TOP OF THE 2ND |
Memphis Blues batting - Pitching for West Palm Reds : RHP Manabu Mizuno
|
Batting: RHB Glenn Johnson
|
0-0: Called Strike 0-1: Ball 1-1: Fly out, F7 (Flyball, 7D)
|
Batting: LHB Arturo Rivera
|
0-0: Called Strike 0-1: Fly out, F7 (Line Drive, 7M)
|
Batting: LHB Kieran Farris
|
0-0: Ball 1-0: Swinging Strike 1-1: Ball 2-1: Fly out, F7 (Flyball, 7M)
|
Top of the 2nd over - 0 run(s), 0 hit(s), 0 error(s), 0 left on base; Memphis 1 - West Palm 0 |
BOTTOM OF THE 2ND |
West Palm Reds batting - Pitching for Memphis Blues : RHP Mark MacGruder
|
Batting: LHB Jeff McKinney
|
0-0: Ball 1-0: Called Strike 1-1: Swinging Strike 1-2: Strikes out swinging
|
Batting: SHB Todd Smith
|
0-0: Swinging Strike 0-1: Swinging Strike 0-2: Ball 1-2: Strikes out looking
|
Batting: RHB Jack Ray
|
0-0: Ball 1-0: Swinging Strike 1-1: Ball 2-1: Foul Ball, location: 2F 2-2: Ground out 5-3 (Groundball, 15S)
|
Bottom of the 2nd over - 0 run(s), 0 hit(s), 0 error(s), 0 left on base; Memphis 1 - West Palm 0 |
TOP OF THE 3RD |
Memphis Blues batting - Pitching for West Palm Reds : RHP Manabu Mizuno
|
Batting: RHB Dale O'Feennaghty
|
0-0: Foul Ball, location: 2F 0-1: Foul Ball, location: 2F 0-2: Strikes out looking
|
Batting: RHB Sadao Kato
|
0-0: Called Strike 0-1: Foul Ball, location: 2F 0-2: Foul Ball, location: 2F 0-2: Ball 1-2: Fly out, F8 (Flyball, 8RXD)
|
Batting: RHB Dave Wookey
|
0-0: Called Strike 0-1: SINGLE (Groundball, 6M)
|
Batting: RHB Peyton Pennington
|
0-0: Ball 1-0: Ball Dave Wookey is caught stealing 2nd base
|
Top of the 3rd over - 0 run(s), 1 hit(s), 0 error(s), 0 left on base; Memphis 1 - West Palm 0 |
BOTTOM OF THE 3RD |
West Palm Reds batting - Pitching for Memphis Blues : RHP Mark MacGruder
|
Batting: LHB Millard Dye
|
0-0: Ball 1-0: Foul Ball, location: 2F 1-1: Foul Ball, location: 2F 1-2: Strikes out swinging
|
Batting: LHB Bob Martin
|
0-0: Ball 1-0: Ball 2-0: Called Strike 2-1: Foul Ball, location: 2F 2-2: Strikes out swinging
|
Batting: SHB Alex Hayes
|
0-0: Ball 1-0: Ball 2-0: Ball 3-0: Called Strike 3-1: Ground out 6-3 (Groundball, 6)
|
Bottom of the 3rd over - 0 run(s), 0 hit(s), 0 error(s), 0 left on base; Memphis 1 - West Palm 0 |
TOP OF THE 4TH |
Memphis Blues batting - Pitching for West Palm Reds : RHP Manabu Mizuno
|
Batting: RHB Peyton Pennington
|
0-0: Fly out, F7 (Flyball, 78S)
|
Batting: LHB Félix García
|
0-0: Ball 1-0: Ball 2-0: Ball 3-0: Base on Balls
|
Batting: RHB John Phillips
|
0-0: Ball 1-0: Ball 2-0: Ball 3-0: Called Strike 3-1: Called Strike 3-2: SINGLE (Flyball, 8LS) Félix García to second Runner from 2nd tries for 3rd, SAFE after rundown.
|
Batting: RHB Glenn Johnson
|
0-0: Called Strike 0-1: SINGLE (Line Drive, 9S) Félix García scores John Phillips to second
|
Batting: LHB Arturo Rivera
|
0-0: Ball 1-0: Called Strike 1-1: Ball 2-1: Ball 3-1: Called Strike 3-2: Foul Ball, location: 2F 3-2: Strikes out looking
|
Batting: LHB Kieran Farris
|
0-0: DOUBLE (Line Drive, 7LM) John Phillips scores Glenn Johnson to third Runner from 3rd tries for Home, SAFE, no throw or cutoff
|
Batting: RHB Dale O'Feennaghty
|
0-0: Ball 1-0: Ball 2-0: Foul Ball, location: 2F 2-1: Fly out, F8 (Flyball, 89XD)
|
Top of the 4th over - 3 run(s), 3 hit(s), 0 error(s), 1 left on base; Memphis 4 - West Palm 0 |
BOTTOM OF THE 4TH |
West Palm Reds batting - Pitching for Memphis Blues : RHP Mark MacGruder
|
Batting: RHB Lorenzo Guzmán
|
0-0: Ball 1-0: Ball 2-0: Called Strike 2-1: SINGLE (Line Drive, 78S)
|
Batting: LHB Jeff Doss
|
0-0: Called Strike 0-1: Foul Ball, location: 2F 0-2: Fly out, F9 (Line Drive, 9D)
|
Batting: LHB Enrique Cortéz
|
0-0: SINGLE (Line Drive, 8RS) Lorenzo Guzmán to second
|
Batting: LHB Jeff McKinney
|
0-0: Ball 1-0: Grounds into double play, 4-6-3 (Groundball, 34)
|
Bottom of the 4th over - 0 run(s), 2 hit(s), 0 error(s), 1 left on base; Memphis 4 - West Palm 0 |
TOP OF THE 5TH |
Memphis Blues batting - Pitching for West Palm Reds : RHP Manabu Mizuno
|
Batting: RHB Sadao Kato
|
0-0: Called Strike 0-1: Ball 1-1: Fly out, F3 (Popup, 4S)
|
Batting: RHB Dave Wookey
|
0-0: SOLO HOME RUN (Flyball, 7LD), Distance : 349 ft
|
Batting: RHB Peyton Pennington
|
0-0: Ball 1-0: Swinging Strike 1-1: Swinging Strike 1-2: Foul Ball, location: 2F 1-2: Foul Ball, location: 2F 1-2: Hit by Pitch
|
Pitching: LHP Francisco Nieto
|
|
Pinch Runner at 1st Dale Taylor:
|
|
Batting: LHB Félix García
|
0-0: Called Strike 0-1: Foul Ball, location: 2F 0-2: Ball 1-2: Ball 2-2: DOUBLE (Groundball, 5L) Dale Taylor to third
|
Batting: RHB John Phillips
|
0-0: Ball 1-0: SINGLE (Line Drive, 89S) Dale Taylor scores Félix García to third
|
Batting: RHB Glenn Johnson
|
0-0: Ball 1-0: Ball 2-0: Called Strike 2-1: Foul Ball, location: 2F 2-2: Foul Ball, location: 2F 2-2: Strikes out swinging
|
Batting: LHB Arturo Rivera
|
0-0: Ball 1-0: Reached on Error, E4 (Popup, 4MD) Félix García scores John Phillips to second
|
Batting: LHB Kieran Farris
|
0-0: Called Strike 0-1: Ball 1-1: Ball 2-1: Called Strike 2-2: Ball 3-2: Strikes out swinging
|
Top of the 5th over - 3 run(s), 3 hit(s), 1 error(s), 2 left on base; Memphis 7 - West Palm 0 |
BOTTOM OF THE 5TH |
West Palm Reds batting - Pitching for Memphis Blues : RHP Mark MacGruder
|
Batting: SHB Todd Smith
|
0-0: Ball 1-0: Foul Ball, location: 2F 1-1: Fly out, F5 (Popup, 5F)
|
Batting: RHB Jack Ray
|
0-0: Ball 1-0: Ground out 1-3 (Groundball, 15)
|
Batting: LHB Millard Dye
|
0-0: Ball 1-0: Ball 2-0: Foul Ball, location: 2F 2-1: SOLO HOME RUN (Flyball, 9D), Distance : 387 ft
|
Batting: LHB Bob Martin
|
0-0: Ball 1-0: Fly out, F9 (Line Drive, 9M)
|
Bottom of the 5th over - 1 run(s), 1 hit(s), 0 error(s), 0 left on base; Memphis 7 - West Palm 1 |
TOP OF THE 6TH |
Memphis Blues batting - Pitching for West Palm Reds : LHP Francisco Nieto
|
Batting: RHB Dale O'Feennaghty
|
0-0: SINGLE (Line Drive, 6D)
|
Batting: RHB Sadao Kato
|
0-0: Called Strike 0-1: Ball 1-1: Ball 2-1: Ball 3-1: Base on Balls Dale O'Feennaghty to second
|
Batting: RHB Dave Wookey
|
0-0: Ball 1-0: Called Strike 1-1: Foul Ball, location: 2F 1-2: Strikes out swinging
|
Batting: RHB Dale Taylor
|
0-0: Ball 1-0: Ball 2-0: Foul Ball, location: 2F 2-1: Fly out, F7 (Flyball, 7LS)
|
Batting: LHB Félix García
|
0-0: Ball 1-0: Ball 2-0: Ball 3-0: Called Strike 3-1: Base on Balls Dale O'Feennaghty to third Sadao Kato to second
|
Batting: RHB John Phillips
|
0-0: Ball 1-0: Called Strike 1-1: Fly out, F6 (Line Drive, 6M)
|
Top of the 6th over - 0 run(s), 1 hit(s), 0 error(s), 3 left on base; Memphis 7 - West Palm 1 |
BOTTOM OF THE 6TH |
West Palm Reds batting - Pitching for Memphis Blues : RHP Mark MacGruder
|
Batting: SHB Alex Hayes
|
0-0: Ball 1-0: Ball 2-0: Called Strike 2-1: SINGLE (Flyball, 8RS)
|
Batting: RHB Lorenzo Guzmán
|
0-0: Ball 1-0: Called Strike 1-1: Ball 2-1: Foul Ball, location: 2F 2-2: Foul Ball, location: 2F 2-2: Fielders Choice at 2nd, 5-4 (Groundball, 56)
|
Batting: LHB Jeff Doss
|
0-0: Ball 1-0: Foul Ball, location: 2F 1-1: SINGLE (Line Drive, 4) Lorenzo Guzmán to second
|
Batting: LHB Enrique Cortéz
|
0-0: Called Strike 0-1: Ball 1-1: Ball 2-1: Foul Ball, location: 2F 2-2: Ball 3-2: Strikes out swinging
|
Batting: LHB Jeff McKinney
|
0-0: Foul Ball, location: 2F 0-1: Foul Ball, location: 2F 0-2: Ball 1-2: Ball 2-2: Ball 3-2: Strikes out swinging
|
Bottom of the 6th over - 0 run(s), 2 hit(s), 0 error(s), 2 left on base; Memphis 7 - West Palm 1 |
TOP OF THE 7TH |
Memphis Blues batting - Pitching for West Palm Reds : LHP Francisco Nieto
|
Pitching: RHP Carlos Gonzáles
|
|
Batting: RHB Glenn Johnson
|
0-0: Ball 1-0: Fly out, F8 (Popup, 4MD)
|
Batting: LHB Arturo Rivera
|
0-0: Foul Ball, location: 2F 0-1: Ball 1-1: Ground out U3 (Groundball, 3)
|
Batting: LHB Kieran Farris
|
0-0: Ball 1-0: Called Strike 1-1: SOLO HOME RUN (Flyball, 9D), Distance : 391 ft
|
Batting: RHB Dale O'Feennaghty
|
0-0: Foul Ball, location: 2F 0-1: Ball 1-1: Ground out 5-3 (Groundball, 56S)
|
Top of the 7th over - 1 run(s), 1 hit(s), 0 error(s), 0 left on base; Memphis 8 - West Palm 1 |
BOTTOM OF THE 7TH |
West Palm Reds batting - Pitching for Memphis Blues : RHP Mark MacGruder
|
Batting: SHB Todd Smith
|
0-0: Ball 1-0: Ball 2-0: Called Strike 2-1: Ball 3-1: SINGLE (Groundball, 6MD)
|
Batting: RHB Jack Ray
|
0-0: Called Strike 0-1: Swinging Strike 0-2: Foul Ball, location: 2F 0-2: Strikes out swinging
|
Batting: LHB Millard Dye
|
0-0: Ball 1-0: Called Strike 1-1: Called Strike 1-2: Strikes out swinging
|
Pitching: LHP Robert Flannery
|
|
Batting: LHB Bob Martin
|
0-0: Called Strike 0-1: Ground out 4-3 (Groundball, 34)
|
Bottom of the 7th over - 0 run(s), 1 hit(s), 0 error(s), 1 left on base; Memphis 8 - West Palm 1 |
TOP OF THE 8TH |
Memphis Blues batting - Pitching for West Palm Reds : RHP Carlos Gonzáles
|
Batting: RHB Sadao Kato
|
0-0: Called Strike 0-1: Ball 1-1: Ball 2-1: Ball 3-1: Base on Balls
|
Batting: RHB Dave Wookey
|
0-0: Ball 1-0: Called Strike 1-1: SINGLE (Groundball, 56D) Sadao Kato to second
|
Batting: RHB Dale Taylor
|
0-0: Called Strike 0-1: Foul Ball, location: 2F 0-2: Foul Ball, location: 2F 0-2: Ball 1-2: Strikes out swinging
|
Pinch Hitting: RHB Raúl Perales
|
0-0: Ball 1-0: Called Strike 1-1: TRIPLE (Line Drive, 89M) Sadao Kato scores Dave Wookey scores
|
Batting: RHB John Phillips
|
0-0: SINGLE (Line Drive, 7S) Raúl Perales scores
|
Pitching: LHP Juan Ortíz
|
|
Batting: RHB Glenn Johnson
|
0-0: Ball 1-0: Foul Ball, location: 2F 1-1: Swinging Strike 1-2: Foul Ball, location: 2F 1-2: Foul Ball, location: 2F 1-2: Strikes out swinging
|
Batting: LHB Arturo Rivera
|
0-0: Ball 1-0: Ball 2-0: Foul Ball, location: 2F 2-1: Ball 3-1: Called Strike 3-2: Strikes out swinging
|
Top of the 8th over - 3 run(s), 3 hit(s), 0 error(s), 1 left on base; Memphis 11 - West Palm 1 |
BOTTOM OF THE 8TH |
West Palm Reds batting - Pitching for Memphis Blues : LHP Robert Flannery
|
Now at SS: Brent Crawford
|
|
Now in RF: Raúl Perales
|
|
Batting: SHB Alex Hayes
|
0-0: Ball 1-0: Called Strike 1-1: Called Strike 1-2: Strikes out swinging
|
Batting: RHB Lorenzo Guzmán
|
0-0: Ball 1-0: Called Strike 1-1: Ball 2-1: Swinging Strike 2-2: Strikes out swinging
|
Batting: LHB Jeff Doss
|
0-0: Swinging Strike 0-1: Ball 1-1: Swinging Strike 1-2: Ball 2-2: Foul Ball, location: 2F 2-2: Strikes out swinging
|
Bottom of the 8th over - 0 run(s), 0 hit(s), 0 error(s), 0 left on base; Memphis 11 - West Palm 1 |
TOP OF THE 9TH |
Memphis Blues batting - Pitching for West Palm Reds : LHP Juan Ortíz
|
Batting: LHB Kieran Farris
|
0-0: Ball 1-0: Called Strike 1-1: Called Strike 1-2: Ball 2-2: SINGLE (Line Drive, 89S)
|
Batting: RHB Dale O'Feennaghty
|
0-0: Sac Bunt - play at second, runner OUT! 1-6
|
Batting: RHB Sadao Kato
|
0-0: Ball 1-0: Called Strike 1-1: Swinging Strike 1-2: Ball 2-2: Grounds into double play, 1-6-3 (Groundball, 15S)
|
Top of the 9th over - 0 run(s), 1 hit(s), 0 error(s), 0 left on base; Memphis 11 - West Palm 1 |
BOTTOM OF THE 9TH |
West Palm Reds batting - Pitching for Memphis Blues : LHP Robert Flannery
|
Now at C: Elliott Rucker
|
|
Now at 3B: Iván García
|
|
Batting: LHB Enrique Cortéz
|
0-0: Ball 1-0: Ground out 4-3 (Groundball, 34)
|
Batting: LHB Jeff McKinney
|
0-0: Called Strike 0-1: Called Strike 0-2: Ball 1-2: Ball 2-2: Ball 3-2: Base on Balls
|
Batting: SHB Todd Smith
|
0-0: Foul Ball, location: 2F 0-1: Grounds into double play, 6-4-3 (Groundball, 6)
|
Bottom of the 9th over - 0 run(s), 0 hit(s), 0 error(s), 0 left on base; Memphis 11 - West Palm 1 |
|